 Dungeon Crawl Stone Soup version 0.19-a0-1682-g5114f93 (webtiles) character file.

83 mrath the Cudgeler (level 4, 0/40 HPs)
             Began as a Minotaur Fighter on Sept 24, 2016.
             Slain by Natasha (6 damage)
             ... on level 2 of the Dungeon on Sept 25, 2016.
             The game lasted 00:08:08 (1954 turns).

mrath the Cudgeler (Minotaur Fighter)               Turns: 1954, Time: 00:08:09

Health: 0/40       AC:  8    Str: 22    XL:     4   Next: 22%
Magic:  3/3        EV:  7    Int:  5    God:
Gold:   93         SH:  9    Dex:  9    Spells: 0 memorised, 3 levels left

rFire  . . .     SeeInvis .     a - +0 flail
rCold  . . .     Gourm    .     b - +0 scale mail
rNeg   . . .     Faith    .     c - +0 shield
rPois  .         Spirit   .     (helmet restricted)
rElec  .         Dismiss  .     (no cloak)
rCorr  .         Reflect  .     (no gloves)
MR     .....     Harm     .     (no boots)
Stlth  ..........               (no amulet)
                                (no ring)
                                (no ring)

@: no status effects
A: retaliatory headbutt, horns 2
a: no special abilities


You were on level 2 of the Dungeon.
You were hungry.

You visited 1 branch of the dungeon, and saw 3 of its levels.

You collected 93 gold pieces.

Inventory:

Hand Weapons
 a - a +0 flail (weapon)
Missiles
 i - 134 stones (quivered)
Armour
 b - a +0 scale mail (worn)
 c - a +0 shield (worn)
Jewellery
 l - a +4 ring of dexterity {unknown}
Wands
 y - a wand of digging (20/24)
Scrolls
 e - 2 scrolls of fog {unknown}
 g - a scroll of amnesia {unknown}
 j - 2 scrolls of remove curse {unknown}
 k - a scroll of random uselessness {unknown}
 p - 3 scrolls of magic mapping {unknown}
 u - a scroll of fear {unknown}
 w - a scroll of identify {unknown}
Potions
 d - a potion of might
 h - a potion of heal wounds {unknown}
 m - a potion of curing {unknown}
 n - a potion of brilliance {unknown}
 o - a potion of magic {unknown}
 q - 2 potions of lignification {unknown}
 s - a potion of mutation {unknown}
 t - a potion of invisibility
 v - a potion of flight {unknown}
 z - a potion of beneficial mutation {unknown}
Comestibles
 f - 2 bread rations
 r - a meat ration
 x - 4 chunks of flesh


   Skills:
 + Level 3.7 Fighting
 + Level 5.0 Maces & Flails
 + Level 3.8 Armour
 + Level 0.2 Dodging
 + Level 3.7 Shields
 + Level 0.3 Evocations


You had 3 spell levels left.
You didn't know any spells.

Dungeon Overview and Level Annotations

Branches:
Dungeon (3/15)

Altars:
Ashenzari
Cheibriados
Qazlal
Sif Muna

Annotations:
D:2 Natasha


Innate Abilities, Weirdness & Mutations

You reflexively headbutt those who attack you in melee.
You have a pair of horns on your head.


Message History

There is a stone staircase leading down here.
You start resting.
Something claws you.
You barely miss something. Something completely misses you.
Some of the chunks of flesh in your inventory have rotted away.
Your shield and scale mail prevent you from hitting something.
Your headbutt misses something. Something claws you.
You miss something.
You are feeling hungry.
Something claws you but does no damage. x2
You barely miss something. Something claws you but does no damage.
You miss something. Your headbutt misses something.
Something claws you but does no damage.
You miss something. Your headbutt misses something.
Something claws you but does no damage.
You hit something. Your headbutt misses something. Something claws you.
Something claws you!
* * * LOW HITPOINT WARNING * * *
You barely miss something. Something claws you but does no damage.
You closely miss something. You headbutt something. Something claws you.
You die...

...#.# #....>..#
...#.# #.#######
.....# #.# .....##
#.# ......# #.#
......# ###.###
......# #.....#
.....#########.....#
#...........<..{@..#
##############.....#
#.....# #######


There were no monsters in sight!

Vanquished Creatures
  Natasha (D:3)
  An adder (D:3)
  A worm (D:2)
  A dart slug (D:3)
  2 bats (D:1)
  2 giant cockroaches
  9 goblins
  5 hobgoblins
  4 jackals (D:3)
  3 frilled lizards
  5 kobolds
  10 rats
44 creatures vanquished.

Notes
Turn   | Place    | Note
-------+----------+-------------------------------------------
     0 | D:1      | mrath the Minotaur Fighter began the quest for the Orb.
     0 | D:1      | Reached XP level 1. HP: 19/19 MP: 0/0
    60 | D:1      | Reached skill level 3 in Maces & Flails
   118 | D:1      | Reached XP level 2. HP: 26/26 MP: 1/1
   967 | D:2      | Reached skill level 4 in Maces & Flails
  1227 | D:2      | Reached XP level 3. HP: 29/31 MP: 2/2
  1723 | D:3      | Reached skill level 5 in Maces & Flails
  1859 | D:3      | Found a deep blue altar of Sif Muna.
  1859 | D:3      | Found a snail-covered altar of Cheibriados.
  1860 | D:3      | Found a shattered altar of Ashenzari.
  1863 | D:3      | Found a stormy altar of Qazlal.
  1902 | D:3      | Noticed Natasha
  1908 | D:3      | Killed Natasha
  1908 | D:3      | Reached XP level 4. HP: 31/40 MP: 3/3
  1919 | D:3      | Noticed Natasha
  1954 | D:2      | Slain by Natasha

Vault maps used:
D:1:      saegor_arrival_simple_a
D:3:      minitemple, kennysheep_generic_room_14, uniq_natasha

Skill      XL: |  1  2  3 |
---------------+----------+-----
Maces & Flails | 3 4 5 |  5.0
Fighting       | |  3.7
Armour         | |  3.8
Dodging        | |  0.2
Shields        | |  3.7
Evocations     | |  0.3

Action                   |  1- 3 |  4- 6 || total
-------------------------+-------+-------++-------
Melee: Flail             |   141 |     9 ||   150
       Headbutt          |    17 |     1 ||    18
Throw: Stone             |     2 |       ||     2
  Eat: Chunk             |     3 |       ||     3
Armor: Scale mail        |    74 |     8 ||    82
Dodge: Dodged            |    30 |     1 ||    31
Block: Shield            |    76 |     2 ||    78
